 Dungeon Crawl Stone Soup version 0.31-a0-940-gdaa99269f9 (webtiles) character file.

Game seed: 7852740240735975142

363 gelatine the Ruffian (level 6, -2/45 HPs)
             Began as a Demonspawn Shapeshifter on Oct 20, 2023.
             Slain by an orc
             ... wielding a +0 flail
              (8 damage)
             ... on level 4 of the Dungeon.
             The game lasted 00:08:49 (3292 turns).

gelatine the Ruffian (Demonspawn Shapeshifter)      Turns: 3292, Time: 00:08:49

Health: -2/45      AC:  5    Str: 30    XL:     6   Next: 39%
Magic:  6/6        EV: 13    Int:  9    God:
Gold:   175        SH:  0    Dex: 17    Spells: 5/5 levels left

rFire   . .          .
                       - Unarmed
rCold   . . .        (no shield)
rNeg    . . .        b - +2 robe {Will+}
rPois   .            (helmet currently unavailable)
rElec   .            (cloak currently unavailable)
rCorr   .            (gloves currently unavailable)
SInv    .            (boots currently unavailable)
Will    +....        (no amulet)
Stlth   ++           j - +6 ring of strength
HPRegen 0.27/turn    e - +6 ring of dexterity
MPRegen 0.10/turn

%: no passive effects
@: about to teleport, beast-form
A: beast (slay +2), antennae 1, rugged brown scales 1, ignite blood 1, demonic
magic 1, sense surroundings 1, strong 2
a: Begin Untransformation


You were on level 4 of the Dungeon.
You were a hulking beast.
You visited 1 branch of the dungeon, and saw 4 of its levels.

You collected 175 gold pieces.

Inventory:

Missiles
 m - 20 stones
 p - 5 poisoned darts (quivered)
Armour
 b - a +2 robe of willpower (worn)
Jewellery
 a - a ring of positive energy
 e - a +6 ring of dexterity (right hand)
 j - a +6 ring of strength (left hand)
 o - a ring of protection from fire
Talismans
 c - a beast talisman (active)
 d - a flux talisman
Scrolls
 f - a scroll of fear {unknown}
 g - 2 scrolls of blinking
 h - a scroll of poison
 i - a scroll of immolation
 l - a scroll of noise
Potions
 n - a potion of enlightenment
 t - a potion of magic


   Skills:
 * Level 2.1 Fighting
 + Level 0.2 Throwing
 + Level 1.6 Armour
 + Level 2.4 Dodging
 + Level 1.0 Stealth
 * Level 4.9 Unarmed Combat
 * Level 3.5 Shapeshifting


You had 5 spell levels left.
You didn't know any spells.
Your spell library contained the following spells:

 Spells                   Type           Power      Damage    Failure   Level
 Necrotise                Necr           0%         1d4       38%         1
 Hailstorm                Conj/Ice       0%         3d3       77%         3
 Vampiric Draining        Necr           0%         2d6       77%         3
 Summon Ice Beast         Ice/Summ       0%         N/A       99%         4
 Agony                    Necr           0%         N/A       100%        5
 Freezing Cloud           Conj/Ice/Air   0%         6-21      100%        5
 Simulacrum               Ice/Necr       0%         N/A       100%        6
 Spellforged Servitor     Conj/Summ      0%         N/A       100%        7
 Disjunction              Tloc           0%         N/A       100%        8


Dungeon Overview and Level Annotations

Branches:
Dungeon (4/15)
 Temple: D:4-7

Altars:


Innate Abilities, Weirdness & Mutations

You are a hulking beast.
Your limbs bulge with bestial killing power. (Slay +2)
You have a pair of small antennae on your head.
You are partially covered in rugged brown scales. (AC +1, +3% HP)
Your demonic aura sometimes causes spilled blood to erupt in flames.
Spells you cast may paralyse adjacent enemies.
You passively map a small area around you.
Your muscles are very strong. (Str +8, Int/Dex -2)


Message History

You hit the jackal.
The jackal is almost dead.
The jackal barely misses you.
You hit the jackal.
You kill the jackal!
There is a large open door here.
You sense a monster nearby.
You now have 175 gold pieces (gained 10).
You sense a monster nearby.
You open the door. 2 orc priests and 2 orcs come into view.
The orc shouts!
The orc priest shouts!
The orc shouts!
The orc priest calls down the wrath of Beogh upon you.
Beogh smites you!
The orc priest shouts!
You hit the orc.
The orc is severely wounded.
The orc priest mumbles some strange prayers to Beogh against you.
Beogh smites you!
The orc priest casts a cantrip, but nothing happens.
The orc closely misses you.
You hit the orc but do no damage.
The orc is heavily wounded.
The orc closely misses you.
The orc priest looks satisfied for a moment.
You barely miss the orc.
The orc is heavily wounded.
The orc barely misses you.
You punch the orc!
You kill the orc!
The orc priest casts a cantrip, but nothing happens.
The orc priest mumbles some strange prayers to Beogh against you.
Beogh smites you!
* * * LOW HITPOINT WARNING * * *
Unknown command.
Okay, then.
As you read the scroll of teleportation, it crumbles to dust.
You feel strangely unstable. The orc attacks as it pursues you!
The orc hits you with a +0 flail!
You die...

, , , * #..#...### #
, +..#...... *, #. *
#..#...### #.### *
*,#..#...# * #.... ,
, #..#...# #..o. , ,
,#..# * , ... #..#{
..####o##########..#,
,, * *
........oh.........#
###+################,
,, ,,, ,,,, , , ,, ,,
,,, ,,,, * , , , , ,
,, ,, , * * , , , * *
* * , , ,


You could see an orc priest and an orc.

Vanquished Creatures
  Sigmund (D:2)
  A hound (D:4)
  A sleepcap (D:4)
  7 adders
  2 worms
  2 dart slugs
  2 orcs
  9 endoplasms
  7 giant cockroaches
  3 goblins
  7 hobgoblins
  4 jackals
  7 kobolds
  4 quokkas
  7 ball pythons
  4 bats
  3 frilled lizards
  10 rats
81 creatures vanquished.

Notes
Turn   | Place    | Note
-------+----------+-------------------------------------------
     0 | D:1      | gelatine the Demonspawn Shapeshifter began the quest for
                  | the Orb.
     0 | D:1      | Reached XP level 1. HP: 15/15 MP: 1/1
    64 | D:1      | Gained mutation: You have a pair of small antennae on your
                  | head. [demonic ancestry]
    64 | D:1      | Reached XP level 2. HP: 18/21 MP: 2/2
   306 | D:1      | Reached skill level 3 in Unarmed Combat
   342 | D:1      | Found a faded altar of an unknown god.
   494 | D:1      | Gained mutation: Your demonic aura sometimes causes spilled
                  | blood to erupt in flames. [demonic ancestry]
   494 | D:1      | Reached XP level 3. HP: 16/26 MP: 3/3
   913 | D:2      | Identified the "Zoshraj"
   913 | D:2      | Noticed Sigmund
  1106 | D:2      | Killed Sigmund
  1107 | D:2      | Reached skill level 1 in Armour
  1107 | D:2      | Reached skill level 4 in Unarmed Combat
  1107 | D:2      | Reached XP level 4. HP: 23/33 MP: 4/4
  1107 | D:2      | Gained mutation: Spells you cast may paralyse adjacent
                  | enemies. [demonic ancestry]
  1107 | D:2      | Reached XP level 5. HP: 27/38 MP: 5/5
  2375 | D:3      | Gained mutation: You are partially covered in rugged brown
                  | scales. (AC +1, +3% HP) [demonic ancestry]
  2375 | D:3      | Reached XP level 6. HP: 34/45 MP: 6/6
  2700 | D:4      | Gained mutation: Your muscles are strong. (Str +4, Int/Dex
                  | -1) [potion of mutation]
  2700 | D:4      | Gained mutation: Your muscles are very strong. (Str +8,
                  | Int/Dex -2) [potion of mutation]
  2700 | D:4      | Gained mutation: You passively map a small area around you.
                  | [potion of mutation]
  2902 | D:4      | Reached skill level 1 in Stealth
  3292 | D:4      | Slain by an orc

Illustrated notes

Levels and vault maps discovered:
D:1:      minmay_arrival_four_circles, layout_basic,
          hellmonk_ecumenical_altar_arch_garden, st_stairs_10
D:2:      layout_loops_corners, uniq_sigmund
D:3:      minmay_angry_zag, layout_loops_ring, chequers_avenue
D:4:      layout_basic

Skill      XL: |  1  2  3  4  5  6 |
---------------+-------------------+-----
Shapeshifting  | 3 |  3.5
Unarmed Combat | 3 4 |  4.9
Armour         | 1 |  1.6
Dodging        | 2 |  2.4
Fighting       | 2 |  2.1
Stealth        | 1 |  1.0
Throwing       | |  0.2

Action                     |  1- 3 |  4- 6 || total
---------------------------+-------+-------++-------
  Melee: Unarmed           |   111 |   118 ||   229
         Punch             |     3 |       ||     3
  Throw: Stone             |    10 |       ||    10
         Dart              |     4 |       ||     4
    Use: Potion            |     2 |     1 ||     3
         Scroll            |       |    13 ||    13
   Stab: Sleeping          |       |     4 ||     4
 Armour: Leather armour    |    19 |       ||    19
         Ring mail         |    44 |       ||    44
         Skin              |     6 |       ||     6
         Robe              |       |    45 ||    45
  Dodge: Dodged            |    61 |    56 ||   117

Table legend: (Time is in decaauts)
 A = Elapsed time spent in this place.
 B = Non-inter-level travel time spent in this place.
 C = Inter-level travel time spent in this place.
 D = Time resting spent in this place.
 E = Time spent auto-exploring this place.
 F = Levels seen in this place.
 G = Mean time per level.
                   A        B        C        D        E       F      G
               +--------+--------+--------+--------+--------+-----+--------+
         Total |   3273 |   3195 |     78 |      0 |   2462 |   4 |  818.2 |
       Dungeon |   3273 |   3195 |     78 |      0 |   2462 |   4 |  818.2 |
               +--------+--------+--------+--------+--------+-----+--------+

Top non-repeatable levels by time:
     D:2: 1063 daAuts
     D:1: 914 daAuts
     D:3: 695 daAuts
     D:4: 601 daAuts
